[Event "Titled Tuesday Blitz October 11 Early 2022"]
[White "Jiganchine, Roman"]
[Black "Liyanage, Ranindu Dilshan"]
[WhiteFideId "2603667"]
[BlackFideId "9915834"]
[WhiteElo "2289"]
[BlackElo "2210"]
[Result "0-1"]
[Round "02"]
[TimeControl "180+1"]
[Date "2022.10.12"]
[WhiteClock "0:00:07"]
[BlackClock "0:00:09"]

1. e4 e6 2. d4 d5 3. Nd2 c5 4. c3 cxd4 5. cxd4 dxe4 6. Nxe4 Nc6 7. Nf3 Be7 8. Bd3 Nf6 9. Nc3 O-O 10. O-O b6 11. a3 Bb7 12. Bc2 Rc8 13. Qd3 h6 14. Ne4 Nxe4 15. Qxe4 g6 16. Bxh6 Re8 17. Qg4 Kh7 18. Be3 Bf6 19. Qh5+ Kg8 20. Bxg6 fxg6 21. Qxg6+ Bg7 22. Ng5 Qf6 23. Qh7+ Kf8 24. Qh3 Qg6 25. d5 exd5 26. Qd7 Re7 27. Qh3 d4 28. Bd2 Ne5 29. Rae1 Rce8 30. Bb4 Qxg5 31. f4 Qg6 32. fxe5+ Kg8 33. e6 d3 34. Rf7 Rxf7 35. exf7+ Qxf7 36. Qxd3 Rxe1+ 37. Bxe1 Qd5 38. Qxd5+ Bxd5 39. Bc3 Bh6 40. Kf2 Kf7 41. g4 Kg6 42. h4 Bf4 43. Bd4 Bc7 44. a4 a6 45. Be3 Bb3 46. h5+ Kg7 47. Bd4+ Kh7 48. a5 bxa5 49. Kf3 Bd1+ 50. Kf2 Bxg4 51. h6 Kxh6 52. Ke3 Kh5 53. Kd2 Kg6 54. Kc3 Kf5 55. Kb3 Ke6 56. Ka3 Kd5 57. Bc3 Kc4 58. Ka2 Bd1 59. Ka1 a4 60. Bg7 Kb3 61. Bf6 Ba5 62. Bg7 Bb4 63. Bf6 a3 64. bxa3 Bxa3 65. Bg7 Bc5 66. Bf6 a5 67. Bg7 a4 68. Bf6 Be3 69. Bg7 a3 70. Bf6 Bc1 71. Kb1 Bb2 72. Bxb2 Bc2+ 73. Ka1 axb2# 0-1


[Site "https://www.chess.com"]

[Event "Titled Tuesday Blitz October 11 Early 2022"]
[White "Jobava, Baadur"]
[Black "Liu, Xiangyi"]
[WhiteFideId "13601520"]
[BlackFideId "8605718"]
[WhiteElo "2582"]
[BlackElo "2323"]
[Result "1-0"]
[Round "02"]
[TimeControl "180+1"]
[Date "2022.10.11"]
[WhiteClock "0:00:41"]
[BlackClock "0:00:43"]

1. b3 e5 2. Bb2 Bd6 3. e3 Qe7 4. g3 Nf6 5. Bg2 O-O 6. Ne2 c6 7. c4 Bc7 8. Nbc3 Rd8 9. d4 d5 10. cxd5 cxd5 11. O-O Nc6 12. Nb5 e4 13. Nxc7 Qxc7 14. h3 Bf5 15. g4 Bxg4 16. hxg4 Nxg4 17. Ng3 f5 18. Qe2 Rd6 19. f4 exf3 20. Qxf3 g6 21. Ba3 Rd7 22. Qf4 Qa5 23. Nxf5 gxf5 24. Qxf5 Nxe3 25. Qxd7 Nxg2 26. Qf7+ Kh8 27. Bf8 1-0


[Site "https://www.chess.com"]

[Event "Titled Tuesday Blitz October 11 Early 2022"]
[White "Johnson, Ben"]
[Black "Aslanov, Umid"]
[WhiteFideId "2010917"]
[BlackFideId "13412620"]
[WhiteElo "2203"]
[BlackElo "2173"]
[Result "0-1"]
[Round "02"]
[TimeControl "180+1"]
[Date "2022.10.12"]
[WhiteClock "0:00:05"]
[BlackClock "0:00:45"]

1. Nf3 d5 2. e3 Nf6 3. c4 e6 4. b3 dxc4 5. bxc4 c5 6. d4 cxd4 7. exd4 Nc6 8. Be3 Bb4+ 9. Nbd2 Ne4 10. a3 Ba5 11. Ra2 Nc3 12. Qc2 Nxa2 13. Qxa2 O-O 14. Bd3 e5 15. d5 f5 16. Bg5 Qd6 17. Bb1 e4 18. dxc6 exf3 19. c5+ Qe6+ 20. Qxe6+ Bxe6 21. cxb7 Rab8 22. c6 fxg2 23. Rg1 Bd5 24. Bf4 Bxc6 25. Bxb8 Rxb8 26. Bxf5 Rxb7 27. Kd1 Ba4+ 28. Kc1 Rc7+ 29. Kb1 Bxd2 30. Be6+ Kf8 31. Rxg2 Rb7+ 32. Ka2 Bc2 33. f4 Bb1+ 34. Ka1 Bc3+ 0-1


[Site "https://www.chess.com"]

[Event "Titled Tuesday Blitz October 11 Early 2022"]
[White "Karabalis, Harilos"]
[Black "Lamaze, Simon"]
[WhiteFideId "4621808"]
[BlackFideId "36069264"]
[WhiteElo "2168"]
[BlackElo "2272"]
[Result "1-0"]
[Round "02"]
[TimeControl "180+1"]
[Date "2022.10.12"]
[WhiteClock "0:00:16"]
[BlackClock "0:00:20"]

1. e4 e6 2. d4 d5 3. Nc3 Bb4 4. exd5 exd5 5. Bd3 Nf6 6. Ne2 Be6 7. Bf4 Nbd7 8. O-O O-O 9. a3 Ba5 10. Ng3 Bb6 11. Nce2 h6 12. c3 c6 13. Re1 Re8 14. Qd2 Nf8 15. b4 Bc7 16. Nf1 Bg4 17. f3 Bh5 18. Bxc7 Qxc7 19. Nf4 Ng6 20. Nxh5 Nxh5 21. Bxg6 fxg6 22. Rxe8+ Rxe8 23. Re1 Rxe1 24. Qxe1 Qf4 25. Qe3 Kf7 26. g3 Qxe3+ 27. Nxe3 Ke6 28. Kf2 Nf6 29. Ke2 g5 30. h3 h5 31. g4 h4 32. Kd3 b5 33. Ng2 Nd7 34. Ne3 Nf8 35. Ng2 Ng6 36. Ke3 Kf6 37. Kd3 Ne7 38. Kc2 Nc8 39. Kb3 Nd6 40. Ne3 Ke6 41. a4 bxa4+ 42. Kxa4 Nb5 43. Kb3 g6 44. Kb2 Kd7 45. Kb3 Nd6 46. Ka4 Kc7 47. Kb3 Kb6 48. c4 dxc4+ 49. Nxc4+ Kc7 50. Ne5 Nb5 51. Kc4 Nd6+ 52. Kc5 Nb7+ 53. Kc4 Nd6+ 54. Kd3 Kb6 55. Nc4+ Kc7 56. Ne5 Kb6 57. Nxg6 Kb5 58. Ne5 a6 59. Kc3 Ne8 60. Nf7 Nf6 61. Nxg5 Nd5+ 62. Kb3 Nxb4 63. Ne6 a5 64. g5 a4+ 65. Kb2 Nc2 66. Kxc2 1-0


[Site "https://www.chess.com"]

[Event "Titled Tuesday Blitz October 11 Early 2022"]
[White "Karas, Marek"]
[Black "Durarbayli, Vasif"]
[WhiteFideId "14928558"]
[BlackFideId "13402935"]
[WhiteElo "2220"]
[BlackElo "2586"]
[Result "0-1"]
[Round "02"]
[TimeControl "180+1"]
[Date "2022.10.12"]
[WhiteClock "0:00:14"]
[BlackClock "0:00:05"]

1. d4 Nf6 2. Nf3 e6 3. c4 b6 4. a3 Ba6 5. Qc2 Bb7 6. Nc3 c5 7. e4 cxd4 8. Nxd4 d6 9. Be2 a6 10. Be3 Nbd7 11. f3 Qc7 12. O-O Rc8 13. b4 Be7 14. Qb3 O-O 15. Rac1 Rfe8 16. Rfd1 Qb8 17. Bf1 Bd8 18. g3 Bc7 19. Bg2 h5 20. Bf2 h4 21. Nce2 hxg3 22. hxg3 Ne5 23. Be3 Ng6 24. Rb1 d5 25. Bf2 dxe4 26. f4 e5 27. fxe5 Nxe5 28. c5 Bd5 29. Qc3 Neg4 30. Nf5 Be5 31. Qc1 Nxf2 32. Qg5 Nh7 33. Nh6+ Kh8 34. Qh5 Nxd1 35. Rxd1 gxh6 36. Rxd5 Bg7 37. Qxf7 Rf8 38. Qg6 Rf6 39. Qg4 bxc5 40. Bxe4 Rg8 41. Rd7 Qe5 42. Bd3 Qe3+ 43. Kg2 Rf2+ 44. Kh3 Ng5+ 45. Kh4 Rh2+ 0-1


[Site "https://www.chess.com"]

[Event "Titled Tuesday Blitz October 11 Early 2022"]
[White "Kodinets, Konstantin L."]
[Black "Beerdsen, Thomas"]
[WhiteFideId "4122011"]
[BlackFideId "1030108"]
[WhiteElo "2447"]
[BlackElo "2567"]
[Result "1/2-1/2"]
[Round "02"]
[TimeControl "180+1"]
[Date "2022.10.12"]
[WhiteClock "0:00:28"]
[BlackClock "0:00:26"]

1. d4 d5 2. Nf3 Nc6 3. Bf4 Bg4 4. Nbd2 e6 5. c3 Nge7 6. h3 Bh5 7. Qb3 Rb8 8. Ne5 Nxe5 9. Bxe5 Nc6 10. Bg3 Bd6 11. Bxd6 Qxd6 12. e4 O-O 13. e5 Qe7 14. Bb5 f6 15. exf6 Qxf6 16. O-O Ne7 17. Rae1 c6 18. Bd3 Kh8 19. f4 Bg6 20. Qc2 Rbe8 21. Kh2 Qh4 22. g3 Qh6 23. Nf3 Bxd3 24. Qxd3 Nf5 25. Ne5 g5 26. fxg5 Qxg5 27. g4 Nd6 28. Rxf8+ Rxf8 29. Rf1 Rxf1 30. Qxf1 Kg7 31. Qf2 a5 32. h4 Qe7 33. a4 Ne4 34. Qf4 Qxh4+ 35. Kg2 Qe7 36. Nf3 Qf7 37. Qe5+ Kg8 38. Qb8+ Kg7 39. Qe5+ Qf6 40. Qc7+ Kg6 41. Qb8 Ng5 42. Qg8+ Kh6 43. Nxg5 Qxg5 44. Qxe6+ Qg6 45. Qe3+ Kg7 46. Qe7+ Kg8 47. Qd8+ Kf7 48. Qc7+ Kf6 49. Qe5+ Kf7 50. Qc7+ Kf6 51. Qe5+ Kf7 52. Qc7+ 1/2-1/2


[Site "https://www.chess.com"]

[Event "Titled Tuesday Blitz October 11 Early 2022"]
[White "Korchmar, Vasiliy"]
[Black "Tang, Andrew"]
[WhiteFideId "24131750"]
[BlackFideId "2059630"]
[WhiteElo "2370"]
[BlackElo "2581"]
[Result "1/2-1/2"]
[Round "02"]
[TimeControl "180+1"]
[Date "2022.10.11"]
[WhiteClock "0:00:03"]
[BlackClock "0:00:47"]

1. e4 e5 2. Nf3 Nc6 3. Bc4 Bc5 4. c3 Nf6 5. d3 a6 6. Bg5 h6 7. Bh4 g5 8. Bg3 d6 9. Nbd2 Bg4 10. h3 Bh5 11. b4 Bb6 12. a4 O-O 13. O-O Ne7 14. Qc2 Ng6 15. d4 Qe7 16. Rfe1 Kh8 17. dxe5 dxe5 18. Nh2 Nf4 19. Ndf1 Bg6 20. Kh1 Rad8 21. f3 Rd7 22. Bf2 Bxf2 23. Qxf2 Rfd8 24. Ng4 Nxg4 25. hxg4 Kg7 26. g3 Nd3 27. Bxd3 Rxd3 28. Re3 Qe6 29. Qe2 R3d7 30. Kg2 Qb3 31. a5 f6 32. Ra2 Bf7 33. Rb2 Qa3 34. Rd2 Qc1 35. Rxd7 Rxd7 36. Rd3 Re7 37. Ne3 Be6 38. Qd2 Qb1 39. Rd8 Qb3 40. Nf5+ Bxf5 41. gxf5 Qf7 42. Qd5 Qxd5 43. Rxd5 Kf7 44. Rd8 c5 45. Kf2 Rc7 46. Rb8 cxb4 47. cxb4 Ke7 48. Ke3 h5 49. Kd3 Rd7+ 50. Ke3 h4 51. gxh4 gxh4 52. Rh8 Rd4 53. Rh7+ Kf8 54. Rxb7 Kg8 55. Rb8+ Kg7 56. Rb7+ Kh6 57. Rf7 Kg5 58. Rg7+ Kh5 59. Rh7+ Kg5 60. Rg7+ Kh5 61. Rh7+ Kg5 62. Rg7+ 1/2-1/2


[Site "https://www.chess.com"]

[Event "Titled Tuesday Blitz October 11 Early 2022"]
[White "Koziorowicz, Michal"]
[Black "Schut, Han"]
[WhiteFideId "21809194"]
[BlackFideId "1005561"]
[WhiteElo "2220"]
[BlackElo "2024"]
[Result "1-0"]
[Round "02"]
[TimeControl "180+1"]
[Date "2022.10.12"]
[WhiteClock "0:02:20"]
[BlackClock "0:01:30"]

1. Nc3 c5 2. g4 Nc6 3. Bg2 g6 4. h4 Bg7 5. h5 e6 6. d3 d5 7. h6 Bf6 8. Nf3 g5 9. e4 d4 10. Ne2 e5 11. Ng3 Bxg4 12. Nh5 Bxh5 13. Rxh5 g4 14. Nh2 Qd7 15. Nxg4 O-O-O 16. Bh3 1-0


[Site "https://www.chess.com"]

[Event "Titled Tuesday Blitz October 11 Early 2022"]
[White "Kravtsiv, Martyn"]
[Black "Arabidze, Meri"]
[WhiteFideId "14113147"]
[BlackFideId "13604040"]
[WhiteElo "2694"]
[BlackElo "2403"]
[Result "0-1"]
[Round "02"]
[TimeControl "180+1"]
[Date "2022.10.11"]
[WhiteClock "0:00:02"]
[BlackClock "0:00:12"]

1. e4 c5 2. Nf3 e6 3. d4 cxd4 4. Nxd4 Nc6 5. Nc3 a6 6. Be2 Nf6 7. O-O d6 8. Be3 Be7 9. f4 O-O 10. Qe1 Nxd4 11. Bxd4 b5 12. Qg3 g6 13. a3 Bb7 14. f5 e5 15. Be3 Nxe4 16. Nxe4 Bxe4 17. Bh6 Re8 18. Bd3 Bxd3 19. cxd3 Bf8 20. Bxf8 Rxf8 21. f6 Kh8 22. Qh4 Rg8 23. Qg5 Qf8 24. Rf3 Rc8 25. Rh3 e4 26. d4 Re8 27. Rc1 e3 28. Rc3 Re4 29. Kf1 Rxd4 30. Rcxe3 Qc8 31. Rxh7+ Kxh7 32. Rh3+ Qxh3 33. gxh3 Re8 34. Kf2 Re5 35. Qc1 Rf5+ 36. Ke3 Rdd5 37. Qc6 Rfe5+ 38. Kf4 Rf5+ 39. Ke3 Rde5+ 40. Kd4 Rxf6 41. Qxa6 Rf4+ 42. Kd3 Rf6 43. Qc6 Kg7 44. b3 Rc5 45. Qe4 Rh5 46. a4 bxa4 47. bxa4 Rxh3+ 48. Kc4 Rxh2 49. a5 Ra2 50. Kb4 Raf2 51. Qd4 Rf4 52. Kc4 Rxd4+ 0-1


[Site "https://www.chess.com"]

[Event "Titled Tuesday Blitz October 11 Early 2022"]
[White "Krysa, Leandro"]
[Black "Shimanov, Aleksandr"]
[WhiteFideId "116807"]
[BlackFideId "4198603"]
[WhiteElo "2486"]
[BlackElo "2605"]
[Result "0-1"]
[Round "02"]
[TimeControl "180+1"]
[Date "2022.10.11"]
[WhiteClock "0:00:05"]
[BlackClock "0:00:19"]

1. b4 e5 2. Bb2 Bxb4 3. Bxe5 Nf6 4. c3 Be7 5. g3 O-O 6. Bg2 d5 7. Bxf6 Bxf6 8. d4 c6 9. e3 Nd7 10. Ne2 Nb6 11. Nd2 Bf5 12. O-O Re8 13. a4 a5 14. Qb3 Qc7 15. Rfe1 Rab8 16. Nf4 Bg5 17. h4 Bxf4 18. exf4 g6 19. Re5 Nd7 20. Rxf5 gxf5 21. Bh3 Re2 22. Nf3 Nf6 23. Bxf5 Ne4 24. Ne5 Nxf2 25. Kf1 Ne4 26. Kxe2 Nxg3+ 27. Kd2 Nxf5 28. Rg1+ Kh8 29. Qc2 Nd6 30. Kc1 f6 31. Qg2 Ne4 32. Nd3 Qf7 33. Qg4 Rg8 34. Qxg8+ Qxg8 35. Rxg8+ Kxg8 36. Nc5 Nxc5 37. dxc5 Kg7 38. Kd2 Kg6 39. Ke3 Kh5 0-1


[Site "https://www.chess.com"]

[Event "Titled Tuesday Blitz October 11 Early 2022"]
[White "Krzywda, Andrzej"]
[Black "Carlsen, Magnus"]
[WhiteFideId "1114565"]
[BlackFideId "1503014"]
[WhiteElo "2149"]
[BlackElo "2830"]
[Result "0-1"]
[Round "02"]
[TimeControl "180+1"]
[Date "2022.10.12"]
[WhiteClock "0:00:02"]
[BlackClock "0:01:28"]

1. e4 c5 2. Nc3 g6 3. f4 Bg7 4. Nf3 Nc6 5. a4 e6 6. e5 Nge7 7. Ne4 O-O 8. Bb5 b6 9. c3 Bb7 10. Nd6 Qc7 11. Nxb7 Qxb7 12. d3 a6 13. Bxc6 Qxc6 14. Qe2 d6 15. O-O Rad8 16. d4 cxd4 17. Nxd4 Qb7 18. a5 b5 19. Bd2 dxe5 20. fxe5 Rd5 21. Nf3 h6 22. Bf4 g5 23. Bg3 Nf5 24. Rae1 Rfd8 25. Bf2 Ne7 26. Bb6 R8d7 27. Rd1 Ng6 28. Bd4 b4 29. c4 Nf4 30. Qe4 Rxa5 31. Qxb7 Rxb7 32. Rfe1 Ng6 33. c5 Ne7 34. Rc1 Nc6 35. Bf2 Rd7 36. Red1 Rxd1+ 37. Rxd1 g4 38. Nd4 Rxc5 39. Nxe6 Rxe5 40. Nxg7 Kxg7 41. Rd6 Re6 42. Rd7 a5 43. Rc7 Kg6 44. Kf1 h5 45. h3 Ne5 46. hxg4 Nxg4 47. Bd4 Rd6 48. Bc5 Rd2 49. b3 Rc2 50. Rc6+ f6 51. Rc7 Ne3+ 52. Kg1 Rxg2+ 53. Kh1 Rc2 54. Bb6 Rxc7 55. Bxc7 a4 56. bxa4 b3 57. a5 b2 0-1


[Site "https://www.chess.com"]

[Event "Titled Tuesday Blitz October 11 Early 2022"]
[White "Kuchava, Ana"]
[Black "Batbold, Nyamsuren"]
[WhiteFideId "13605348"]
[BlackFideId "4903331"]
[WhiteElo "2001"]
[BlackElo "2056"]
[Result "0-1"]
[Round "02"]
[TimeControl "180+1"]
[Date "2022.10.12"]
[WhiteClock "0:00:56"]
[BlackClock "0:01:25"]

1. d4 Nf6 2. Nf3 b6 3. c4 Bb7 4. Nc3 g6 5. d5 Bg7 6. e4 d6 7. Bd3 O-O 8. O-O e5 9. h3 h6 10. Be3 Kh7 11. b4 Na6 12. a3 Nb8 13. c5 Nh5 14. cxd6 cxd6 15. a4 Na6 16. Qb3 Rc8 17. a5 bxa5 18. Rxa5 Nc5 19. Bxc5 dxc5 20. Rxa7 Qb6 21. Ra4 Nf4 22. Bb5 cxb4 23. Rxb4 Ba6 24. Bxa6 Qxa6 25. Kh2 Qxf1 0-1


[Site "https://www.chess.com"]

[Event "Titled Tuesday Blitz October 11 Early 2022"]
[White "Kushko, Dmitriy"]
[Black "Azadaliyev, Jahandar"]
[WhiteFideId "14162261"]
[BlackFideId "13425811"]
[WhiteElo "2230"]
[BlackElo "2204"]
[Result "1-0"]
[Round "02"]
[TimeControl "180+1"]
[Date "2022.10.12"]
[WhiteClock "0:00:06"]
[BlackClock "0:00:10"]

1. g3 Nf6 2. Bg2 e6 3. Nf3 d5 4. O-O Be7 5. b3 O-O 6. Bb2 b6 7. c4 Bb7 8. cxd5 exd5 9. e3 Re8 10. Nc3 Nbd7 11. Re1 Bb4 12. a3 Bxc3 13. Bxc3 Ne4 14. Bb2 c6 15. d3 Nef6 16. Qc2 Qe7 17. e4 dxe4 18. dxe4 Rad8 19. e5 Nd5 20. Nd4 Qc5 21. Qf5 Nf8 22. Rac1 Qe7 23. Nxc6 Bxc6 24. Rxc6 Ne6 25. Rd6 Ndc7 26. Red1 Nc5 27. b4 Na4 28. Ba1 Nb5 29. Rd7 Qf8 30. Bc6 Nac3 31. R1d3 Rc8 32. Bb7 Rc4 33. Bxc3 Nxc3 34. Kg2 g6 35. Qf6 Ne4 36. Bxe4 Rxe4 37. f4 Qg7 38. Rd8 Re2+ 39. Kf3 1-0


[Site "https://www.chess.com"]

[Event "Titled Tuesday Blitz October 11 Early 2022"]
[White "Laohawirapap, Prin"]
[Black "Gareyev, Timur"]
[WhiteFideId "6205003"]
[BlackFideId "14200937"]
[WhiteElo "2113"]
[BlackElo "2552"]
[Result "1-0"]
[Round "02"]
[TimeControl "180+1"]
[Date "2022.10.12"]
[WhiteClock "0:00:03"]
[BlackClock "0:00:17"]

1. e4 c5 2. Nf3 Nc6 3. d4 cxd4 4. Nxd4 Nf6 5. Nc3 h5 6. Nxc6 bxc6 7. Bd3 Qc7 8. O-O e5 9. Qe2 a5 10. b3 d6 11. Bb2 h4 12. Na4 Nh5 13. c4 Nf4 14. Qd2 Rh6 15. c5 Rg6 16. g3 Qd7 17. Rfe1 dxc5 18. Bxe5 Nxd3 19. Nb6 Nxe5 20. Qf4 Qd4 21. Nxa8 Rf6 22. Nc7+ Kd8 23. Rad1 Nf3+ 24. Kh1 1-0


[Site "https://www.chess.com"]

[Event "Titled Tuesday Blitz October 11 Early 2022"]
[White "Lauridsen, Jesper Morch"]
[Black "Katz, Alexander"]
[WhiteFideId "1401890"]
[BlackFideId "2039796"]
[WhiteElo "2175"]
[BlackElo "2388"]
[Result "0-1"]
[Round "02"]
[TimeControl "180+1"]
[Date "2022.10.12"]
[WhiteClock "0:00:26"]
[BlackClock "0:00:10"]

1. e4 c5 2. Nf3 e6 3. d4 cxd4 4. Nxd4 Nc6 5. Nc3 Qc7 6. g3 a6 7. Bg2 h5 8. O-O h4 9. Bf4 d6 10. Nxc6 bxc6 11. Re1 h3 12. Bh1 e5 13. Be3 Nf6 14. Qd2 Be6 15. Rad1 Be7 16. b3 a5 17. f4 Ng4 18. f5 Nxe3 19. Qxe3 Bc8 20. Nb1 Ba6 21. c4 Qb8 22. Nc3 Qb4 23. Bf3 d5 24. exd5 Bc5 25. Rd4 f6 26. Na4 Bxd4 27. a3 Bxe3+ 28. Rxe3 Qxa3 29. d6 Qc1+ 30. Kf2 Qd2+ 31. Re2 Qd4+ 32. Kf1 Qxd6 33. c5 Qd1+ 0-1


[Site "https://www.chess.com"]

[Event "Titled Tuesday Blitz October 11 Early 2022"]
[White "Lazavik, Denis"]
[Black "Slaby, Jerzy"]
[WhiteFideId "13515110"]
[BlackFideId "1121405"]
[WhiteElo "2437"]
[BlackElo "2541"]
[Result "1-0"]
[Round "02"]
[TimeControl "180+1"]
[Date "2022.10.12"]
[WhiteClock "0:01:49"]
[BlackClock "0:01:17"]

1. d4 Nf6 2. c4 g6 3. g3 Bg7 4. Bg2 O-O 5. Nc3 c6 6. e4 d6 7. Nge2 e5 8. O-O Nbd7 9. h3 Re8 10. Be3 a6 11. a4 a5 12. Qc2 Qc7 13. Rad1 exd4 14. Nxd4 Nc5 15. Rfe1 Nfd7 16. f4 Na6 17. b3 Nb4 18. Qb1 Nc5 19. Bf2 Bd7 20. Nde2 f5 21. e5 Ncd3 22. Rxd3 Nxd3 23. exd6 Qxd6 24. Rd1 Rad8 25. Rxd3 Qb4 26. Qd1 Qe7 27. Bb6 1-0


[Site "https://www.chess.com"]

[Event "Titled Tuesday Blitz October 11 Early 2022"]
[White "Le, Tuan Minh"]
[Black "Sadubayev, Airat"]
[WhiteFideId "12401153"]
[BlackFideId "13713264"]
[WhiteElo "2530"]
[BlackElo "2215"]
[Result "1-0"]
[Round "02"]
[TimeControl "180+1"]
[Date "2022.10.11"]
[WhiteClock "0:00:31"]
[BlackClock "0:00:20"]

1. d4 Nf6 2. Nf3 d5 3. Bf4 c5 4. c3 Nc6 5. e3 Qb6 6. Qc2 g6 7. Nbd2 Bf5 8. dxc5 Qxc5 9. Qb3 O-O-O 10. Be2 Bg7 11. O-O Ne4 12. Rfd1 e5 13. Bg3 Nxg3 14. hxg3 h6 15. Qa4 Qa5 16. Qb3 Be6 17. a4 Rhe8 18. Qa3 Kb8 19. b4 Qc7 20. Rac1 f5 21. Bb5 g5 22. a5 Rf8 23. a6 f4 24. exf4 gxf4 25. gxf4 Rxf4 26. axb7 e4 27. Nd4 Nxd4 28. cxd4 Qf7 29. Nf1 Rxf2 30. Qg3+ Kxb7 31. Qxf2 Qxf2+ 32. Kxf2 Rf8+ 33. Kg1 h5 34. Bc6+ Kb6 35. Ne3 Bh6 36. Nxd5+ Bxd5 37. Bxd5 Bxc1 38. Rxc1 Rd8 39. Rc5 h4 40. Kf2 Rf8+ 41. Ke3 1-0


[Site "https://www.chess.com"]

[Event "Titled Tuesday Blitz October 11 Early 2022"]
[White "Lehtosaari, Mauri"]
[Black "Smietanska, Wiktoria"]
[WhiteFideId "501999"]
[BlackFideId "21869359"]
[WhiteElo "2499"]
[BlackElo "1854"]
[Result "1-0"]
[Round "02"]
[TimeControl "180+1"]
[Date "2022.10.12"]
[WhiteClock "0:00:40"]
[BlackClock "0:00:08"]

1. d4 Nf6 2. Nf3 g6 3. Bg5 Bg7 4. Nbd2 d5 5. c3 O-O 6. e3 c5 7. dxc5 Nc6 8. Be2 e5 9. O-O h6 10. Bxf6 Qxf6 11. a4 Qe7 12. Nb3 Rd8 13. h3 Be6 14. Qc2 f5 15. Rfd1 Bf7 16. a5 a6 17. Ra4 Qe6 18. Rda1 d4 19. Bc4 Qe7 20. Bxf7+ Qxf7 21. cxd4 exd4 22. exd4 Rd5 23. Re1 Rad8 24. Qe2 Qd7 25. Qe6+ Qxe6 26. Rxe6 g5 27. g4 fxg4 28. hxg4 Rf8 29. Kg2 Rf4 30. Kg3 Kf7 31. Re3 Bf8 32. Rc4 Be7 33. Nfd2 Bd8 34. Ne4 Nxa5 35. Nxa5 Bxa5 36. Nd6+ Kf6 37. Nxb7 Bc7 38. Kg2 Rfxd4 39. Rf3+ Kg6 40. Rxd4 Rxd4 41. Re3 Be5 42. Rxe5 Rxg4+ 43. Kf3 1-0


[Site "https://www.chess.com"]

[Event "Titled Tuesday Blitz October 11 Early 2022"]
[White "Leve, Nitai"]
[Black "Priasmoro, Novendra"]
[WhiteFideId "2006898"]
[BlackFideId "7105029"]
[WhiteElo "2144"]
[BlackElo "2412"]
[Result "0-1"]
[Round "02"]
[TimeControl "180+1"]
[Date "2022.10.12"]
[WhiteClock "0:00:01"]
[BlackClock "0:00:49"]

1. e4 Nc6 2. Nf3 e5 3. Bb5 a6 4. Ba4 Nf6 5. d4 b5 6. Bb3 Nxd4 7. Bxf7+ Kxf7 8. Nxe5+ Ke6 9. Qxd4 c5 10. Qc3 Nxe4 11. Qe3 d5 12. Nf3 Kf7 13. O-O Bd6 14. Nbd2 Re8 15. Nxe4 dxe4 16. Ng5+ Kg8 17. f3 Bf5 18. fxe4 Bg6 19. Qf3 Rf8 20. Qb3+ c4 21. Rxf8+ Qxf8 22. Qf3 Qe7 23. e5 Bc5+ 24. Kh1 Rd8 25. Be3 Qxe5 26. Bxc5 Qxg5 27. Be3 Qe5 28. c3 Re8 29. Bd4 Qe7 30. Rf1 h6 31. Qd5+ Kh7 32. h3 Qe2 33. Qf3 Qxf3 34. Rxf3 Re1+ 35. Kh2 Be4 36. Rf2 Kg6 37. Kg3 a5 38. a3 Rd1 39. Bb6 Rd3+ 40. Kf4 Bc6 41. Bxa5 Kf6 42. Bb6 g5+ 43. Kg4+ Kg6 44. h4 Bd7+ 45. Rf5 Bxf5# 0-1


[Site "https://www.chess.com"]

[Event "Titled Tuesday Blitz October 11 Early 2022"]
[White "Lewtak, Damian"]
[Black "Duda, Jan-Krzysztof"]
[WhiteFideId "1141724"]
[BlackFideId "1170546"]
[WhiteElo "2329"]
[BlackElo "2779"]
[Result "0-1"]
[Round "02"]
[TimeControl "180+1"]
[Date "2022.10.11"]
[WhiteClock "0:00:06"]
[BlackClock "0:00:32"]

1. e4 c5 2. Nf3 d6 3. Bb5+ Nd7 4. O-O a6 5. Bd3 Ngf6 6. Re1 e5 7. c3 Be7 8. Bc2 b5 9. d4 Bb7 10. Nbd2 O-O 11. Nf1 Re8 12. Ng3 Bf8 13. Qe2 Qc7 14. d5 c4 15. h3 a5 16. Rb1 Ba6 17. Nh2 b4 18. Qf3 Nc5 19. Bg5 Nfd7 20. Nf5 b3 21. axb3 cxb3 22. Bd1 Nd3 23. Re3 N7c5 24. Qg3 Nf4 25. Bxf4 exf4 26. Qxf4 Bd3 27. Ra1 Bxe4 28. Ng4 Bxf5 29. Qxf5 Rxe3 30. fxe3 a4 31. Be2 Qe7 32. Kh1 g6 33. Qf3 Bg7 34. Rf1 h5 35. Nf2 a3 36. bxa3 Bxc3 37. Nd3 Ne4 38. Nf4 Nd2 39. Qf2 Nxf1 40. Qxf1 b2 41. Bd3 Qxe3 42. Bb1 Qc1 43. Kg1 Bd4+ 0-1


[Site "https://www.chess.com"]

[Event "Titled Tuesday Blitz October 11 Early 2022"]
[White "Li, Hui"]
[Black "Mirzoev, Azer"]
[WhiteFideId "15400310"]
[BlackFideId "13400304"]
[WhiteElo "1954"]
[BlackElo "2525"]
[Result "0-1"]
[Round "02"]
[TimeControl "180+1"]
[Date "2022.10.12"]
[WhiteClock "0:00:10"]
[BlackClock "0:00:44"]

1. e4 c5 2. Nf3 d6 3. d4 cxd4 4. Nxd4 Nf6 5. Nc3 a6 6. Be2 b5 7. Bf3 e5 8. Nb3 Bb7 9. a3 Nbd7 10. O-O Be7 11. Re1 O-O 12. Bg5 Rc8 13. Nd2 Nb6 14. Qe2 h6 15. Bxf6 Bxf6 16. Rad1 Qc7 17. Bg4 Rb8 18. Qd3 Rfd8 19. Nf1 Nc4 20. Rb1 Bg5 21. Nd5 Qc5 22. Nfe3 Bxe3 23. Nxe3 g6 24. Nxc4 bxc4 25. Qe3 Qxe3 26. Rxe3 h5 27. Bh3 Bc6 28. b4 cxb3 29. Rbxb3 Ba4 30. Rxb8 Rxb8 31. g3 Rb1+ 32. Kg2 Bxc2 33. Bc8 a5 34. f3 a4 35. Bd7 Rb3 36. Kf2 Kf8 37. Ke2 Rb2 38. Ke1 Ke7 39. Bc6 Bb3 40. h3 Rg2 41. g4 h4 42. Re2 Rg3 43. Kf2 Rxh3 44. Rd2 Rh2+ 45. Ke3 Rxd2 46. Kxd2 h3 0-1


[Site "https://www.chess.com"]

[Event "Titled Tuesday Blitz October 11 Early 2022"]
[White "Lucas, Arthur"]
[Black "Gubanov, Oleg"]
[WhiteFideId "26093073"]
[BlackFideId "14115115"]
[WhiteElo "2251"]
[BlackElo "2158"]
[Result "0-1"]
[Round "02"]
[TimeControl "180+1"]
[Date "2022.10.12"]
[WhiteClock "0:00:03"]
[BlackClock "0:00:17"]

1. e4 Nf6 2. e5 Nd5 3. d4 d6 4. c4 Nb6 5. exd6 cxd6 6. Nc3 g6 7. Be3 Bg7 8. Rc1 O-O 9. b3 e5 10. dxe5 dxe5 11. Qxd8 Rxd8 12. c5 N6d7 13. Bc4 Nc6 14. Nf3 Na5 15. Be2 h6 16. O-O Nf8 17. b4 Nc6 18. b5 Nd4 19. Rfd1 Be6 20. Bxd4 exd4 21. Ne4 Bxa2 22. c6 bxc6 23. bxc6 Bd5 24. c7 Bxe4 25. cxd8=Q Rxd8 26. Rc7 d3 27. Ne1 Ne6 28. Rxa7 Bd4 29. Ra4 dxe2 30. Rd2 Bc6 31. Rc4 Bb5 32. Rb4 Ba6 33. Ra4 Rd6 34. Rxa6 Rxa6 35. Rxe2 Ra1 36. Kf1 Bc3 37. g3 Rxe1+ 38. Rxe1 Bxe1 39. Kxe1 Kg7 40. Ke2 Kf6 41. Kf3 Kf5 42. h3 h5 43. h4 Nd4+ 44. Ke3 Kg4 45. Kxd4 Kf3 46. Ke5 Kxf2 47. Kf4 f5 48. Kg5 Kxg3 49. Kf6 Kxh4 50. Kxg6 f4 51. Kf5 f3 0-1


[Site "https://www.chess.com"]

[Event "Titled Tuesday Blitz October 11 Early 2022"]
[White "Makhnev, Denis"]
[Black "Machidon, Cristi"]
[WhiteFideId "13707647"]
[BlackFideId "13904590"]
[WhiteElo "2486"]
[BlackElo "2312"]
[Result "1-0"]
[Round "02"]
[TimeControl "180+1"]
[Date "2022.10.11"]
[WhiteClock "0:00:13"]
[BlackClock "0:00:10"]

1. d4 Nf6 2. c4 e6 3. Nf3 b6 4. g3 Ba6 5. Qb3 Bb7 6. Bg2 c5 7. O-O cxd4 8. Nxd4 Bxg2 9. Kxg2 Qc7 10. Rd1 Nc6 11. Nb5 Qb7 12. Qf3 a6 13. Nd6+ Bxd6 14. Rxd6 O-O 15. Nc3 Rac8 16. Bg5 Ne8 17. Rdd1 Rc7 18. b3 b5 19. c5 b4 20. Na4 h6 21. Bf4 e5 22. Be3 f5 23. Kg1 Kh7 24. Nb6 e4 25. Qh5 Ne7 26. Nc4 Nf6 27. Qh3 Nfd5 28. Bd4 Nc3 29. Rd2 Qb5 30. a4 Qc6 31. Nd6 Ned5 32. e3 Ne7 33. Re1 a5 34. Kh1 Ng6 35. Nxf5 Qe6 36. g4 Rf7 37. Rg1 Nd5 38. Qg3 Rc6 39. h4 Rxf5 40. gxf5 Qxf5 41. Qg4 Nde7 42. h5 Ne5 43. Qxg7# 1-0


[Site "https://www.chess.com"]